 Dungeon Crawl Stone Soup version 0.25-a0-730-g633e9c3 (webtiles) character file.

Game seed: 16740180274222542928, levelgen mode: deterministic

3 BlueFish the Magician (level 1, -1/14 HPs)
             Began as a Mummy Wizard on Apr 7, 2020.
             Slain by a rat (3 damage)
             ... on level 1 of the Dungeon.
             The game lasted 00:00:56 (64 turns).

BlueFish the Magician (Mummy Wizard)                  Turns: 64, Time: 00:00:57

Health: -1/14      AC:  2    Str: 10    XL:     1   Next: 41%
Magic:  1/5        EV: 12    Int: 17    God:
Gold:   0          SH:  0    Dex: 10    Spells: 7/8 levels left

rFire    x . .     SeeInvis .   c - +0 whip
rCold    + . .     Gourm    .   (no shield)
rNeg     + + +     Faith    .   a - +0 robe
rPois    ∞         Spirit   .   b - +0 hat
rElec    .         Reflect  .   (no cloak)
rCorr    .         Harm     .   (no gloves)
MR       .....                  (no boots)
Stlth    ++........             (no amulet)
HPRegen  0.04/turn              (no ring)
MPRegen  0.09/turn              (no ring)

@: no status effects
A: no food or potions, fire vulnerability, cold resistance 1, negative energy
resistance 3, torment resistance, unbreathing
a: no special abilities


You were on level 1 of the Dungeon.
You were not hungry.

You visited 1 branch of the dungeon, and saw 1 of its levels.

Inventory:

Hand Weapons
 c - a +0 whip (weapon)
Armour
 a - a +0 robe (worn)
 b - a +0 hat (worn)


   Skills:
 * Level 0.4 Fighting
 * Level 1.5 Dodging
 * Level 1.6 Stealth
 * Level 4.1 Spellcasting
 + Level 0.7 Conjurations
   Level 0.7 Summonings
   Level 0.7 Translocations


You had 7 spell levels left.
You knew the following spells:

 Your Spells              Type           Power        Failure   Level  Hunger
a - Magic Dart            Conj           #...         12%         1    N/A

Your spell library contained the following spells:

 Spells                   Type           Power        Failure   Level  Hunger
 Blink                    Tloc           N/A          17%         2    N/A
 Call Imp                 Summ           #.......     17%         2    N/A
 Slow                     Hex            #.......     24%         2    N/A
 Conjure Flame            Conj/Fire      #.......     38%         3    N/A
 Mephitic Cloud           Conj/Pois/Air  #.......     38%         3    N/A

Dungeon Overview and Level Annotations

Branches:
Dungeon (1/15)

Altars:


Innate Abilities, Weirdness & Mutations

You do not eat or drink.
Your flesh is vulnerable to fire.
You are immune to poison.
Your flesh is cold resistant. (rC+)
You are immune to negative energy. (rN+++)
You are immune to unholy pain and torment.
You can survive without breathing.


Message History

Aiming: Magic Dart (safe; 12% risk of failure)
Press: ? - help, Shift-Dir - straight line, f/p - kobold
Aim: a kobold, wielding a +0 whip (severely wounded)
The magic dart hits the kobold but does no damage.
The kobold is severely wounded.
The kobold closely misses you.
You hit the kobold.
You kill the kobold!
The rat bites you.
* * * LOW HITPOINT WARNING * * *
You see here a +0 whip.
c - a +0 whip The rat bites you.
* * * LOW HITPOINT WARNING * * *
c - a +0 whip (weapon)
The rat barely misses you.
You hit the rat but do no damage. The rat misses you.
You hit the rat but do no damage. The rat barely misses you.
You closely miss the rat. The rat barely misses you. The rat bites you.
You die...

######## .#..
#...w..##...##
#.##...#.....#
#.##.#.#.#)#.###
#.##..§.§§§§§...
#w##.§≈≈§§≈≈r#
#r##.≈§§§..≈.#
#.@...§....≈.#
#..≈≈§§≈...≈.#
#..≈.§§≈...≈.#####
#.[≈.≈....§§......
#..≈.≈≈≈≈≈.§§.####
#..≈.....≈.≈......
#..≈...≈<..§§.####
...≈...≈≈≈§§§.#
#.≈.....§§...#


You could see a dart slug and a rat.

Vanquished Creatures
  A giant cockroach (D:1)
  2 kobolds (D:1)
3 creatures vanquished.

Notes
Turn   | Place    | Note
-------+----------+-------------------------------------------
     0 | D:1      | BlueFish the Mummy Wizard began the quest for the Orb.
     0 | D:1      | Reached XP level 1. HP: 13/13 MP: 5/5
    64 | D:1      | Slain by a rat

Levels and vault maps discovered:
D:1:      ebering_trefoil_twist, layout_loops_ring, minmay_misc_feat_ornament,
          st_stairs_11

Action                   || total
-------------------------++-------
Melee: Unarmed           ||     9
       Whip              ||     3
 Cast: Magic Dart        ||     8
Armor: Robe              ||     3
Dodge: Dodged            ||     8

Table legend:
 A = Non-vault XP
 B = Vault XP
 C = Vault XP percentage of total XP
 D = Non-vault monster count
 E = Vault monster count
 F = Vault count percentage of total count
                 A         B        C        D         E       F
            +---------+---------+-------+---------+---------+-------
      Total |       5 |       0 |   0.0 |       3 |       0 |   0.0
            +---------+---------+-------+---------+---------+-------
        D:1 |       5 |       0 |   0.0 |       3 |       0 |   0.0
            +---------+---------+-------+---------+---------+-------
